 Dungeon Crawl Stone Soup version 0.18-a0-1140-g8540535 (webtiles) character file.

68 Ijustatesigmund the Unweaver (level 4, 16/35 HPs)
             Began as a Demonspawn Abyssal Knight on Jan 21, 2016.
             Was a Follower of Lugonu.
             Quit the game on level 2 of the Dungeon.
             The game lasted 00:05:23 (1215 turns).

Ijustatesigmund the Unweaver (DsAK)                 Turns: 1215, Time: 00:05:24

Health: 16/35      AC:  3    Str: 13    XL:     4   Next: 1%
Magic:  6/6        EV: 11    Int: 13    God:    Lugonu [*.....]
Gold:   84         SH:  0    Dex: 13    Spells: 0 memorised, 3 levels left

rFire  + . .     SeeInvis .     a - +1 mace
rCold  . . .     Gourm    .     h - +1 robe {rF+}
rNeg   . . .     Faith    .     (no shield)
rPois  .         Spirit   .     (no helmet)
rElec  .         Dismiss  .     (no cloak)
rCorr  .         Reflect  .     (no gloves)
SustAt .         Harm     .     (no boots)
MR     .....                    g - amulet of regeneration
Stlth  +.........               (no ring)
                                (no ring)

@: mildly poisoned (16 -> 16), not resistant to hostile enchantments, very
unstealthy
A: hooves 2, powered by death 1
a: Depart the Abyss, Renounce Religion


You were on level 2 of the Dungeon.
You worshipped Lugonu.
Lugonu was aware of your devotion.
You were hungry.

You visited 1 branch of the dungeon, and saw 2 of its levels.
You visited the Abyss 1 time.

You collected 84 gold pieces.

Inventory:

Hand Weapons
 a - a +1 mace (weapon)
Armour
 b - a +1 leather armour
 h - a +1 robe of fire resistance (worn)
Jewellery
 g - an amulet of regeneration (around neck)
Wands
 e - a wand of slowing (7/48)
Scrolls
 d - 2 scrolls of remove curse {unknown}
 i - 2 scrolls of identify
 k - a scroll of fog
 m - a scroll of fear
Potions
 f - a potion of curing
Comestibles
 c - 2 bread rations
 j - a beef jerky
 l - 2 chunks of flesh


   Skills:
 + Level 3.4 Fighting
 * Level 2.9 Maces & Flails
 - Level 1.7 Armour
 - Level 0.8 Dodging
 + Level 3.7 Invocations


You had 3 spell levels left.
You didn't know any spells.

Dungeon Overview and Level Annotations

Branches:
Dungeon (2/15)

Altars:


Innate Abilities, Weirdness & Mutations

You have hoof-like feet.
You regenerate a little health from kills.


Message History

The adder is severely wounded.
You are feeling hungry.
You feel sick. The adder closely misses you. x2
You barely miss the adder. Your kick misses the adder.
The adder is severely wounded.
You feel sick. The adder bites you but does no damage. The adder bites you.
You hit the adder. You kick the adder, but do no damage.
The adder is almost dead.
You feel sick. The adder bites you but does no damage.
You closely miss the adder. You kick the adder, but do no damage.
The adder is almost dead.
You feel sick. The adder closely misses you. The adder barely misses you.
You hit the adder.
You kill the adder!
Lugonu accepts your kill.
You have reached level 4!
You feel stronger.
Your demonic ancestry asserts itself...
Your feet thicken and deform.
You feel sick.
Are you sure you want to abandon this character and quit the game? (Confirm with "yes".)

#.###### #..<.....(...#
>....# #.###........####
####.# #.# #........... #.#
#.# #.......#<### #.#
##.###...).......## #.#
##...##............. ####.#
#.....######.##.#.# .....#
#.....# #.##.#.# #.##.#
#..@..# #.##.#.# #.##.#
##...## #.##.#.# #.##.#
##.## #......#
#.##.##########...##
####...##
...............#.#.##
#...##
#.########.##..#.##.##
#(.... #.#
##....#.#.###.### ##..##
#.#
##.#.#÷#.#....<..#.......##
#.#
#.##....÷÷.......#.####.##


There were no monsters in sight!

Vanquished Creatures
  Jessica (D:2)
  An adder (D:2)
  2 giant geckos (D:2)
  3 giant cockroaches
  2 goblins (D:1)
  7 hobgoblins
  A quokka (D:2)
  4 bats
  3 kobolds
  8 rats
32 creatures vanquished.

Notes
Turn   | Place    | Note
--------------------------------------------------------------
     0 | Abyss:1  | Ijustatesigmund the Demonspawn Abyssal Knight began the quest for the Orb.
     0 | Abyss:1  | Reached XP level 1. HP: 18/18 MP: 2/2
   105 | Abyss:1  | Noticed a large abomination
   106 | D:1      | Escaped the Abyss
   254 | D:1      | Reached * piety under Lugonu
   297 | D:1      | Gained mutation: You regenerate a little health from kills. [demonic ancestry]
   297 | D:1      | Reached XP level 2. HP: 21/24 MP: 4/4
   742 | D:2      | Noticed Jessica
   762 | D:2      | Killed Jessica
   762 | D:2      | Gained mutation: You have large cloven feet. [demonic ancestry]
   762 | D:2      | Reached XP level 3. HP: 27/29 MP: 5/5
   975 | D:2      | Found a faded altar to an unknown god.
  1214 | D:2      | Gained mutation: You have hoof-like feet. [demonic ancestry]
  1214 | D:2      | Reached XP level 4. HP: 15/35 MP: 6/6
  1215 | D:2      | Quit the game

Vault maps used:
D:1:      mrwooster_arrival_statue
D:2:      ecumenical_altar_2, first_bread, uniq_jessica, uniq_crazy_yiuf_cottage
Abyss:1:  due_exit_kobolds

Action                   |  1- 3 |  4- 6 || total
-------------------------+-------+-------++-------
Melee: Mace              |   101 |       ||   101
Invok: Depart the Abyss  |     1 |       ||     1
  Use: Scroll            |     6 |       ||     6
       Potion            |     2 |       ||     2
 Stab: Sleeping          |     1 |       ||     1
  Eat: Chunk             |     1 |       ||     1
